 Dungeon Crawl Stone Soup version 0.26-a0-708-g17f3b190f9 (webtiles) character file.

Game seed: 16550854157867470521

5938 ANON1729 the Summoner (level 10, -8/79 HPs)
             Began as a Barachi Summoner on Oct 28, 2020.
             Was an Elder of Cheibriados.
             Killed from afar by an electric eel (10 damage)
             ... with a bolt of electricity
             ... on level 10 of the Dungeon.
             The game lasted 00:30:19 (15196 turns).

ANON1729 the Summoner (Barachi Summoner)           Turns: 15196, Time: 00:30:19

Health: -8/79      AC: 12    Str: 23    XL:     10   Next: 83%
Magic:  17/19      EV: 18    Int: 26    God:    Cheibriados [****..]
Gold:   673        SH:  5    Dex: 22    Spells: 9/22 levels left

rFire    . . .     SeeInvis .   M - +4 dagger
rCold    . . .     Faith    .   (no shield)
rNeg     . . .     Spirit   .   s - +0 troll leather armour
rPois    .         Reflect  +   (no helmet)
rElec    .         Harm     .   t - +2 cloak
rCorr    .         Rampage  .   (no gloves)
MR       .....                  n - +0 pair of boots
Stlth    ++........             C - amulet of reflection
HPRegen  0.63/turn              G - +4 ring of protection
MPRegen  0.16/turn              (no ring)

@: very slow
A: +LOS, swims, slowness 1, strong legs 1
a: Hop, Bend Time, Temporal Distortion, Slouch, Renounce Religion


You were on level 10 of the Dungeon.
You worshipped Cheibriados.
Cheibriados was greatly pleased with you.
You visited 2 branches of the dungeon, and saw 11 of its levels.
You also visited: Sewer.

You collected 673 gold pieces.

Inventory:

Hand Weapons
 c - a +1 dagger of venom
 y - a +0 hand crossbow
 M - a +4 dagger (weapon)
 N - a +2 dagger of holy wrath
Missiles
 b - 7 javelins (quivered)
 v - 108 arrows
 x - 242 stones
 K - 38 bolts
Armour
 a - a +0 robe
 n - a +0 pair of boots (worn)
 s - a +0 troll leather armour (worn)
 t - a +2 cloak (worn)
 F - +0 steam dragon scales
Jewellery
 C - an amulet of reflection (around neck)
 G - a +4 ring of protection (left hand)
 H - an uncursed ring of resist corrosion {unknown}
Wands
 D - a wand of iceblast (5)
Scrolls
 d - 3 scrolls of blinking {unknown}
 f - 14 scrolls of identify {unknown}
 g - 3 scrolls of remove curse {unknown}
 l - 7 scrolls of fear {unknown}
 o - 2 scrolls of enchant weapon {unknown}
 q - 3 scrolls of teleportation {unknown}
 u - a scroll of amnesia {unknown}
 z - a scroll of magic mapping {unknown}
 A - 3 scrolls of enchant armour {unknown}
 J - a scroll of vulnerability {unknown}
 L - a scroll of immolation {unknown}
Potions
 e - 2 potions of magic {unknown}
 h - 2 potions of haste
 j - a potion of flight
 k - 5 potions of might
 m - 4 potions of curing
 p - 2 potions of lignification {unknown}
 r - a potion of cancellation {unknown}
 w - a potion of brilliance {unknown}
 B - 11 potions of degeneration
 E - 2 potions of mutation {unknown}
 I - a potion of invisibility {unknown}


   Skills:
 + Level 7.4 Fighting
 + Level 4.6 Crossbows
 + Level 7.2 Dodging
 - Level 2.0 Stealth
 + Level 6.6 Spellcasting
 * Level 11.5 Summonings
 + Level 4.6 Air Magic
 * Level 2.7 Invocations


You had 9 spell levels left.
You knew the following spells:

 Your Spells              Type           Power        Failure   Level
a - Summon Small Mammal   Summ           ####         1%          1
b - Call Imp              Summ           ######..     1%          2
c - Call Canine Familiar  Summ           ######..     1%          3
d - Summon Guardian Gole  Hex/Summ       #####...     1%          3
e - Summon Lightning Spi  Summ/Air       ######..     2%          4

Your spell library contained the following spells:

 Spells                   Type           Power        Failure   Level
 Summon Ice Beast         Ice/Summ       #####...     7%          4
 Animate Skeleton         Necr           #.....       8%          1
 Pain                     Necr           #...         8%          1
 Vampiric Draining        Necr           #.........   22%         3
 Animate Dead             Necr           #.........   58%         4
 Agony                    Necr           #.......     91%         5


Dungeon Overview and Level Annotations

Branches:
Dungeon (10/15)            Temple (1/1) D:5            Lair (0/6) D:10
    Orc (0/2) D:10          Sewer (visited)

Altars:
Ashenzari
Cheibriados
Dithmenos
Elyvilon
Fedhas
Gozag
Hepliaklqana
Kikubaaqudgha
Makhleb
Nemelex Xobeh
Okawaru
Qazlal
Ru
Sif Muna
Trog
Uskayaw
Vehumet
Wu Jian
Xom
Yredelemnul
Zin
The Shining One


Innate Abilities, Weirdness & Mutations

You can be seen from farther away. (+LOS)
You can swim through water.
You cover ground slowly.
You can hop short distances.


Message History

Your guardian golem resists.
The bolt of electricity hits you!
* * * LOW HITPOINT WARNING * * *
The electric eel shoots out a bolt of lightning at you!
The bolt of electricity hits your guardian golem.
Your guardian golem resists.
The bolt of electricity hits you!
* * * LOW HITPOINT WARNING * * *
The electric eel shoots out a bolt of lightning at you!
The bolt of electricity hits the electric eel.
The electric eel completely resists.
The bolt of electricity hits your guardian golem.
Your guardian golem resists.
The bolt of electricity hits you!
* * * LOW HITPOINT WARNING * * *
The electric eel shoots out a bolt of lightning at you!
The bolt of electricity hits your guardian golem.
Your guardian golem resists.
The bolt of electricity hits you!
You die...

...#+#.## #....# #..Y#.8# ..#
...#.#.####....######...##.###.##
...#.#....................÷......
...#.#..........#####....†...#.##
.#.#.##.#####....<.......#...#.#
.#.#....#####....####....##..#
.#..........+....####........#.##
.#..#########...................#
##..# #.....@........≈......#
##..# #.#.#.#..≈.≈...≈......#
....# #.#.#.#..≈≈≈≈.≈≈.≈..≈.#
###.# # #.#.#.≈.≈≈≈≈≈.≈.≈≈..#
....# #.#.#...≈≈≈≈≈≈≈≈≈...# ##..#
#.#.#≈8≈≈≈≈≈≈≈≈≈≈.... ...
#.#.#≈;≈≈≈.≈.≈.≈≈≈≈.#
#.#≈≈≈≈≈≈$...≈≈≈..#
#.#≈≈;≈≈..>.≈.≈≈


You could see 2 electric eels and a friendly guardian golem (summoned).

Vanquished Creatures
  A yak (D:10)
  A water moccasin (D:10)
  3 sky beasts
  2 ice beasts
  A phantom (D:9)
  3 ogres
  3 centaurs
  2 big kobolds (Sewer)
  2 bullfrogs (D:7)
  3 scorpions
  3 killer bees
  3 wights (D:8)
  2 howler monkeys (D:4)
  2 bullfrog zombies
  A jelly (D:8)
  A quasit (D:5)
  5 hounds
  3 bullfrog skeletons
  An orc wizard (D:10)
  4 iguanas
  A worker ant (D:4)
  A howler monkey skeleton (D:4)
  A river rat (Sewer)
  9 adders
  2 shadow imps
  3 white imps
  An ufetubus (D:7)
  An ooze (Sewer)
  2 adder skeletons
  2 worms (Sewer)
  2 dart slugs
  4 leopard geckos
  21 orcs
  3 giant cockroaches (D:5)
  5 hobgoblins
  A jackal (D:1)
  5 kobolds
  4 quokkas
  A ball python (Sewer)
  4 frilled lizards
  A giant cockroach zombie (D:5)
  4 goblins
  A leopard gecko skeleton (D:2)
  9 rats
134 creatures vanquished.

Vanquished Creatures (collateral kills)
  A gargoyle (D:10)
  A centaur skeleton (D:10)
  A troll (D:9)
  A vampire (D:10)
  A wyvern (D:10)
  4 yaks (D:10)
  Grum (D:9)
  A steam dragon (D:9)
  A swamp drake (D:10)
  3 orc warriors
  2 ogres
  A black bear (D:9)
  6 wolves
  A centaur (D:9)
  2 big kobolds (Sewer)
  A gnoll sergeant (D:9)
  2 scorpions
  7 killer bees
  5 hounds
  A jelly (D:7)
  3 orc priests
  3 orc wizards
  3 worker ants
  A hound skeleton (D:4)
  5 gnolls (D:9)
  A river rat (Sewer)
  2 adders
  3 oozes
  4 worms
  2 dart slugs
  13 orcs
  3 giant cockroaches
  3 goblins
  A hobgoblin (D:3)
  3 jackals
  A quokka (D:4)
  A ball python (Sewer)
  2 bats
  A frilled lizard (D:4)
  6 kobolds
  4 rats
108 creatures vanquished.

Vanquished Creatures (others)
  An unseen horror (D:10)
  A troll (D:10)
  A hornet (D:10)
3 creatures vanquished.

Grand Total: 245 creatures vanquished

Notes
Turn   | Place    | Note
-------+----------+-------------------------------------------
     0 | D:1      | ANON1729 the Barachi Summoner began the quest for the Orb.
     0 | D:1      | Reached XP level 1. HP: 13/13 MP: 3/3
    74 | D:1      | Reached skill level 5 in Summonings
    82 | D:1      | Reached XP level 2. HP: 18/19 MP: 3/5
  1083 | D:1      | Reached XP level 3. HP: 23/25 MP: 6/6
  1215 | D:1      | Reached skill level 1 in Fighting
  2302 | D:2      | Found a sparkling altar of Nemelex Xobeh.
  3281 | D:3      | Reached XP level 4. HP: 30/32 MP: 8/8
  3437 | D:3      | Found a blossoming altar of Fedhas.
  4387 | D:4      | Reached skill level 6 in Summonings
  4387 | D:4      | Reached XP level 5. HP: 7/38 MP: 5/9
  4422 | D:4      | Noticed an ogre
  5339 | D:4      | Killed an ogre
  5339 | D:4      | Reached XP level 6. HP: 46/46 MP: 4/11
  5404 | D:4      | Found a hide-covered altar of Uskayaw.
  5816 | D:5      | Entered Level 5 of the Dungeon
  5816 | D:5      | Found a glowing drain.
  5897 | Sewer    | Entered a sewer
  6131 | Sewer    | Reached skill level 7 in Summonings
  6770 | Sewer    | Reached XP level 7. HP: 10/52 MP: 9/12
  7568 | D:5      | Found a bloodstained altar of Trog.
  7618 | D:5      | Found a staircase to the Ecumenical Temple.
  7939 | D:5      | Reached skill level 8 in Summonings
  8109 | D:5      | Found an iron altar of Okawaru.
  8742 | D:5      | Reached XP level 8. HP: 30/61 MP: 14/14
  8991 | Temple   | Entered the Ecumenical Temple
  9002 | Temple   | Became a worshipper of Cheibriados the Contemplative
  9401 | D:6      | Reached skill level 5 in Dodging
  9625 | D:6      | Reached skill level 1 in Crossbows
  9939 | D:6      | Reached skill level 5 in Fighting
 10000 | D:6      | Learned a level 2 spell: Call Imp
 10004 | D:6      | Learned a level 3 spell: Call Canine Familiar
 10008 | D:6      | Learned a level 3 spell: Summon Guardian Golem
 10014 | D:6      | Learned a level 4 spell: Summon Lightning Spire
 10136 | D:7      | Found a glowing golden altar of the Shining One.
 10142 | D:7      | Found a broken altar of Ashenzari.
 10155 | D:7      | Reached * piety under Cheibriados
 10163 | D:7      | HP: 3/62 [orc warrior/+0 halberd of protection (20)]
 10164 | D:7      | Reached skill level 9 in Summonings
 10673 | D:7      | Reached skill level 5 in Spellcasting
 10673 | D:7      | Reached skill level 1 in Air Magic
 10807 | D:7      | Found a broken altar of Ashenzari.
 10941 | D:7      | Reached XP level 9. HP: 61/68 MP: 16/16
 12202 | D:8      | Reached ** piety under Cheibriados
 12318 | D:8      | Reached skill level 10 in Summonings
 12495 | D:9      | Found a radiant altar of Vehumet.
 12500 | D:9      | Noticed Grum
 12513 | D:9      | Killed Grum
 12759 | D:9      | Found a stormy altar of Qazlal.
 12880 | D:9      | Noticed a troll
 12897 | D:9      | Killed a troll
 13564 | D:9      | Reached XP level 10. HP: 54/77 MP: 12/19
 13567 | D:9      | Reached *** piety under Cheibriados
 14167 | D:10     | Entered Level 10 of the Dungeon
 14172 | D:10     | Found a shadowy altar of Dithmenos.
 14339 | D:10     | Killed an unseen horror
 14339 | D:10     | Reached skill level 11 in Summonings
 14339 | D:10     | Reached skill level 1 in Invocations
 14506 | D:10     | Reached **** piety under Cheibriados
 14685 | D:10     | Found a staircase to the Orcish Mines.
 14841 | D:10     | Noticed a gargoyle
 14857 | D:10     | Killed a gargoyle
 15184 | D:10     | Found a staircase to the Lair.
 15196 | D:10     | HP: 2/79 [electric eel/bolt of electricity (11)]
 15196 | D:10     | Killed from afar by an electric eel

Illustrated notes

Levels and vault maps discovered:
D:1:      kennysheep_arrival_forest, layout_basic
D:2:      layout_basic, nemelex_xobeh_ov_fountains_minmay
D:3:      layout_loops_corners, fedhas_altar_4
D:4:      layout_cave_pools, kennysheep_mini_moat, minmay_quadrilaterals
D:5:      layout_cave_pods, okawaru_ov_weapons_minmay,
          nicolae_overflow_hidden_temple, minmay_temple_entry_trees,
          gup_sewer_entry_glass, kennysheep_generic_room_15
D:6:      layout_gridville
D:7:      layout_basic, lemuel_round_altar, ashenzari_altar_1, basic_altar
D:8:      layout_loops_ring
D:9:      layout_stronghold, nicolae_qazlal_general_emergency,
          overflow_temple_1_default, kennysheep_dice, uniq_grum
D:10:     layout_basic, erik_lair_island, erik_orc_1, serial_shops, shop,
          basic_altar
Temple:   cyrus_circular_temple

Skill      XL: |  1  2  3  4  5  6  7  8  9 10 |
---------------+-------------------------------+-----
Summonings     | 5 6 7 8 9 10 11 | 11.5
Stealth        | 2 |  2.0
Fighting       | 1 2 3 4 5 6 7 |  7.4
Dodging        | 3 4 5 6 7 |  7.2
Spellcasting   | 3 4 5 6 |  6.6
Crossbows      | 2 3 4 |  4.6
Air Magic      | 1 3 4 |  4.6
Invocations    | 2 |  2.7

Action                   |  1- 3 |  4- 6 |  7- 9 | 10-12 || total
-------------------------+-------+-------+-------+-------++-------
Melee: Unarmed           |     8 |       |       |       ||     8
       Dagger            |   153 |   321 |   130 |    85 ||   689
       Hand crossbow     |       |       |    18 |     4 ||    22
 Fire: Hand crossbow     |       |       |   411 |    35 ||   446
Throw: Javelin           |       |     3 |     5 |    10 ||    18
       Stone             |       |       |       |     8 ||     8
 Cast: Summon Small Mamm |    35 |    85 |    16 |     1 ||   137
       Summon Lightning  |       |       |    12 |    19 ||    31
       Summon Guardian G |       |       |    10 |    14 ||    24
       Call Imp          |       |       |     2 |     1 ||     3
       Call Canine Famil |       |       |       |     1 ||     1
Invok: Bend Time         |       |       |       |     1 ||     1
 Abil: Hop               |       |     2 |     4 |     4 ||    10
Evoke: Wand              |       |       |       |     2 ||     2
  Use: Potion            |       |     3 |       |     5 ||     8
 Stab: Sleeping          |     8 |     1 |       |     1 ||    10
       Distracted        |       |     3 |       |     1 ||     4
Armor: Robe              |    15 |    99 |    90 |       ||   204
       Steam dragon scal |       |       |    46 |       ||    46
       Troll leather arm |       |       |     9 |    63 ||    72
Dodge: Dodged            |    84 |   233 |   345 |   134 ||   796
Block: Other             |       |       |    39 |    36 ||    75
       Reflection        |       |       |     4 |     1 ||     5

Table legend: (Time is in decaauts)
 A = Elapsed time spent in this place.
 B = Non-inter-level travel time spent in this place.
 C = Inter-level travel time spent in this place.
 D = Time resting spent in this place.
 E = Time spent auto-exploring this place.
 F = Levels seen in this place.
 G = Mean time per level.
                   A        B        C        D        E       F      G
               +--------+--------+--------+--------+--------+-----+--------+
         Total |  18219 |  17776 |    443 |   3710 |  10460 |  12 | 1518.2 |
       Dungeon |  16432 |  16003 |    429 |   3165 |   9889 |  10 | 1643.2 |
        Temple |     73 |     60 |     13 |      0 |     47 |   1 |   73.0 |
         Sewer |   1713 |   1713 |      0 |    545 |    523 |   1 | 1713.0 |
               +--------+--------+--------+--------+--------+-----+--------+

Top non-repeatable levels by time:
     D:9: 2391 daAuts
     D:5: 1771 daAuts
   Sewer: 1713 daAuts
     D:8: 1669 daAuts
     D:3: 1642 daAuts
     D:2: 1640 daAuts
     D:7: 1597 daAuts
     D:1: 1554 daAuts
     D:4: 1461 daAuts
    D:10: 1416 daAuts
     D:6: 1286 daAuts
  Temple: 73 daAuts
